 Dungeon Crawl Stone Soup version 0.30-a0-723-gc1506a1cf0 (webtiles) character file.

Game seed: 3967923874575306881

5646 pokeman the Thaumaturge (level 10, -7/58 HPs)
             Began as a Deep Elf Hedge Wizard on Jan 28, 2023.
             Was a Believer of Vehumet.
             Mangled by a shadow (23 damage)
             ... on level 8 of the Dungeon on Jan 29, 2023.
             The game lasted 00:30:49 (8674 turns).

pokeman the Thaumaturge (Deep Elf Hedge Wizard)     Turns: 8674, Time: 00:30:49

Health: -7/58      AC: 13    Str:  7    XL:     10   Next: 46%
Magic:  21/38      EV: 17    Int: 24    God:    Vehumet [**....]
Gold:   427        SH:  0    Dex: 14    Spells: 28/36 levels left

rFire   + . .      SeeInvis .    U - +6 dagger "Dushexko" {elec, rN+}
rCold   + . .      Faith    .    (no shield)
rNeg    + . .      Spirit   .    C - +3 leather armour {rC+}
rPois   .          Reflect  .    g - +0 helmet
rElec   .          Harm     .    I - +0 cloak {Stlth+}
rCorr   .          Rampage  .    n - +1 Delatra's gloves {ID++}
Will    +....                    O - +2 pair of boots
Stlth   ++++                     v - amulet of Haggios {rF+ Regen+ Stlth+}
HPRegen 1.09/turn                A - +5 ring of evasion
MPRegen 0.26/turn                E - ring of magical power

@: on blink cooldown
A: no striking features
a: Renounce Religion


You were on level 8 of the Dungeon.
You worshipped Vehumet.
Vehumet was pleased with you.
You visited 2 branches of the dungeon, and saw 9 of its levels.
You also visited: Bailey.

You collected 427 gold pieces.

Inventory:

Hand Weapons
 b - a +2 sling of draining
 t - a +3 quarterstaff of chaos
 U - the +6 dagger "Dushexko" (weapon) {elec, rN+}
   (You found it on level 7 of the Dungeon)

   rN:        It protects you from negative energy.
 X - a +3 morningstar of venom
Missiles
 V - a curare-tipped dart
Armour
 g - a +0 helmet (worn)
 n - the +1 Delatra's gloves (worn) {ID++}
   (You found it on level 3 of the Dungeon)

   ID++:      It heals its wearer when they drink unknown potions, and restores
   their MP when they read unknown scrolls.
 C - a +3 leather armour of cold resistance (worn)
 G - a +0 robe of fire resistance
 I - a +0 cloak of stealth (worn)
 O - a +2 pair of boots (worn)
 P - the +1 kite shield of the Dungeon {rCorr Int+5}
   (You took it off an orc in a bailey)

   Int:       It affects your intelligence (+5).
   rCorr:     It protects you from acid and corrosion.
 Q - +0 shadow dragon scales
 W - a +1 ring mail of poison resistance
Magical Staves
 R - a staff of poison
Jewellery
 v - the amulet of Haggios (around neck) {rF+ Regen+ Stlth+}
   (You found it on level 4 of the Dungeon)

   [amulet of regeneration]

   rF:        It protects you from fire.
   Regen:     It increases your rate of health regeneration.
   Stlth:     It makes you more stealthy.
 y - an amulet of regeneration
 z - a ring of ice
 A - a +5 ring of evasion (left hand)
 B - a ring of fire
 D - a ring of flight
 E - a ring of magical power (right hand)
 F - a +6 ring of dexterity
Wands
 i - a wand of flame (53)
 p - a wand of charming (18)
 u - a wand of digging (3)
Scrolls
 a - 5 scrolls of teleportation {unknown}
 l - 2 scrolls of identify {unknown}
 s - 4 scrolls of fear {unknown}
 H - 2 scrolls of immolation {unknown}
 K - a scroll of enchant weapon {unknown}
 L - a scroll of fog {unknown}
 N - 2 scrolls of magic mapping {unknown}
 S - a scroll of enchant armour {unknown}
Potions
 c - 4 potions of heal wounds {unknown}
 d - 4 potions of magic
 e - 4 potions of flight {unknown}
 h - a potion of resistance {unknown}
 j - 2 potions of lignification {unknown}
 k - 4 potions of curing {unknown}
 m - 3 potions of brilliance {unknown}
 o - a potion of cancellation {unknown}
 q - 2 potions of degeneration {unknown}
 w - a potion of might {unknown}
 x - 3 potions of haste {unknown}
 J - a potion of attraction {unknown}
 M - 2 potions of mutation {unknown}
 T - a potion of ambrosia {unknown}


   Skills:
 + Level 4.3 Fighting
 - Level 3.2 Armour
 - Level 3.0 Dodging
 - Level 3.0 Stealth
 * Level 13.5 Spellcasting
 + Level 7.7 Conjurations
 + Level 6.5 Summonings
 - Level 1.1 Translocations
 - Level 2.0 Air Magic
 - Level 1.0 Poison Magic
 - Level 2.0 Evocations


You had 28 spell levels left.
You knew the following spells:

 Your Spells              Type           Power      Damage    Failure   Level
a - Magic Dart            Conj           100%       1d8       1%          1
b - Mephitic Cloud        Conj/Pois/Air  33%        N/A       3%          3
c - Call Imp              Summ           47%        N/A       1%          2
d - Blink                 Tloc           42%        N/A       5%          2

Your spell library contained the following spells:

 Spells                   Type           Power      Damage    Failure   Level
 Scorch                   Fire           32%        2d7       9%          2
 Hailstorm                Conj/Ice       34%        3d9       3%          3
 Freeze                   Ice            64%        1d7       5%          1
 Slow                     Hex            64%        N/A       5%          1
 Cigotuvi's Dreadful Rot  Necr/Pois/Air  42%        N/A       5%          2
 Frozen Ramparts          Ice            32%        1d5       16%         3
 Leda's Liquefaction      Hex/Erth       8%         N/A       47%         4
 Lee's Rapid Deconstruct  Erth           8%         3d7*      83%         5
 Statue Form              Tmut/Erth      10%        N/A       100%        6


Dungeon Overview and Level Annotations

Branches:
Dungeon (8/15)             Temple (1/1) D:5            Lair (0/5) D:8
 Bailey (visited)

Altars:
Ashenzari
Cheibriados
Dithmenos
Elyvilon
Fedhas
Gozag
Hepliaklqana
Makhleb
Okawaru
Qazlal
Ru
Sif Muna
Trog
Uskayaw
Vehumet
Wu Jian
Xom
Yredelemnul
Zin
The Shining One

Shops:
D:2 (


Message History

Casting: Blink (safe; 5% risk of failure)
Confirm with . or Enter, or press ? or * to list all spells.
Aiming: Magic Dart (safe; 1% risk of failure)
Press: ? - help, Shift-Dir - straight line The magic dart hits something but does no damage.
Casting: Magic Dart (safe; 1% risk of failure)
Confirm with . or Enter, or press ? or * to list all spells.
Aiming: Magic Dart (safe; 1% risk of failure)
Press: ? - help, Shift-Dir - straight line The magic dart hits something but does no damage.
Casting: Magic Dart (safe; 1% risk of failure)
Confirm with . or Enter, or press ? or * to list all spells.
Aiming: Magic Dart (safe; 1% risk of failure)
Press: ? - help, Shift-Dir - straight line The magic dart hits something but does no damage.
You feel stable enough to blink again.
The shadow strikes at you from the darkness!
* * * LOW HITPOINT WARNING * * *
Reactivating autopickup.
Casting: Magic Dart (safe; 1% risk of failure)
Confirm with . or Enter, or press ? or * to list all spells.
Aiming: Magic Dart (safe; 1% risk of failure)
Press: ? - help, Shift-Dir - straight line The magic dart hits the shadow but does no damage.
The shadow is severely damaged.
The shadow hits you.
Casting: Magic Dart (safe; 1% risk of failure)
Confirm with . or Enter, or press ? or * to list all spells.
Aiming: Magic Dart (safe; 1% risk of failure)
Press: ? - help, Shift-Dir - straight line The magic dart hits the shadow.
The shadow is almost destroyed.
The shadow slips into darkness.
The shadow flickers and vanishes!
Deactivating autopickup; reactivate with Ctrl-A.
Casting: Magic Dart (safe; 1% risk of failure)
Confirm with . or Enter, or press ? or * to list all spells.
You blink.
The shadow strikes at you from the darkness!
You die...

.##...........##....
###.....####)...+.....
##.........##..))####..
##...........#......)†).
.#...............########
........>.......##
#.....§...P..)##
##...P.{.....##
##....@....##
###.....#########
#.#..#)#.......
#.##..#.....#
#....###....# ####..
#.#.# #.# .# # <.# . ##
#.


There were no monsters in sight!

Vanquished Creatures
  A two-headed ogre (D:5)
  Pikel (D:5)
  A cyclops (D:7)
  Grinder (D:5)
  A wraith (D:5)
  Eustachio (D:5)
  Edmund (D:5)
  A warg (D:8)
  A water moccasin (D:7)
  2 ice beasts (D:6)
  11 orc warriors
  A sky beast (D:7)
  A centaur (D:5)
  3 ogres
  2 phantoms
  A kobold brigand (D:5)
  A gnoll sergeant (D:7)
  2 scorpions
  2 howler monkeys
  4 jellies
  2 orc priests
  6 hounds
  A gnoll bouda (D:4)
  Crazy Yiuf (D:3)
  Jessica (D:3)
  4 iguanas
  4 orc wizards
  Ijyb (D:3)
  3 adders
  11 gnolls
  2 shadow imps
  3 white imps
  3 dart slugs (D:1)
  40 orcs
  6 endoplasms
  5 giant cockroaches
  8 goblins
  5 hobgoblins
  8 jackals
  7 kobolds
  6 quokkas
  6 ball pythons
  4 bats (D:2)
  2 frilled lizards
  A rat (D:1)
179 creatures vanquished.

Vanquished Creatures (collateral kills)
  Sigmund (D:2)
  A warg (D:8)
  An orc priest (D:8)
  An adder (D:3)
  2 gnolls (D:2)
  A shadow imp (D:8)
  2 orcs (D:3)
  A kobold (D:3)
10 creatures vanquished.

Grand Total: 189 creatures vanquished

Notes
Turn   | Place    | Note
-------+----------+-------------------------------------------
     0 | D:1      | pokeman the Deep Elf Hedge Wizard began the quest for the
                  | Orb.
     0 | D:1      | Reached XP level 1. HP: 10/10 MP: 7/7
   318 | D:1      | Reached XP level 2. HP: 4/16 MP: 0/9
   764 | D:1      | Reached skill level 5 in Spellcasting
   903 | D:1      | Reached XP level 3. HP: 20/20 MP: 8/11
   907 | D:1      | Learned a level 3 spell: Mephitic Cloud
   910 | D:1      | Learned a level 2 spell: Call Imp
   913 | D:1      | Learned a level 2 spell: Blink
  1297 | D:2      | Noticed Sigmund
  1307 | D:2      | Killed Sigmund
  1308 | D:2      | Reached skill level 1 in Fighting
  1308 | D:2      | Reached skill level 1 in Armour
  1308 | D:2      | Reached skill level 6 in Spellcasting
  1308 | D:2      | Reached XP level 4. HP: 13/26 MP: 4/14
  1308 | D:2      | Reached XP level 5. HP: 15/30 MP: 4/15
  1610 | D:2      | Found a bloodstained altar of Trog.
  1657 | D:2      | Found a faded altar of an unknown god.
  1678 | D:2      | Found Kyqied's Weapon Emporium.
  2354 | D:3      | Noticed an ogre
  2369 | D:3      | Killed an ogre
  2370 | D:3      | Reached XP level 6. HP: 28/35 MP: 1/17
  2379 | D:3      | Reached skill level 7 in Spellcasting
  2596 | D:3      | Found the +1 Delatra's gloves {ID++}
  2668 | D:3      | Noticed Ijyb
  2676 | D:3      | Killed Ijyb
  2828 | D:3      | Noticed Jessica
  2839 | D:3      | Killed Jessica
  2840 | D:3      | Reached skill level 1 in Poison Magic
  2897 | D:3      | Found a shimmering blue altar of Sif Muna.
  3032 | D:3      | Found a runed translucent door.
  3033 | D:3      | Noticed Crazy Yiuf
  3132 | D:3      | Killed Crazy Yiuf
  3133 | D:3      | Reached skill level 1 in Air Magic
  3279 | D:4      | Identified the amulet of Haggios {rF+ Regen+ Stlth+}
  3529 | D:4      | Found an iron altar of Okawaru.
  3598 | D:4      | Reached XP level 7. HP: 39/39 MP: 14/20
  3618 | D:4      | Reached skill level 1 in Evocations
  3786 | D:4      | Reached skill level 8 in Spellcasting
  4210 | D:5      | Entered Level 5 of the Dungeon
  4291 | D:5      | Found a staircase to the Ecumenical Temple.
  4300 | Temple   | Entered the Ecumenical Temple
  4767 | D:5      | Found a hide-covered altar of Uskayaw.
  4769 | D:5      | Found a basalt altar of Yredelemnul.
  4815 | D:5      | Found a large runed translucent door.
  4815 | D:5      | Found a large runed translucent door.
  4818 | D:5      | Found a large runed translucent door.
  4818 | D:5      | Found a large runed translucent door.
  4822 | D:5      | Noticed a two-headed ogre
  4888 | D:5      | Reached XP level 8. HP: 39/44 MP: 22/22
  4894 | D:5      | Noticed Edmund
  4958 | D:5      | Reached skill level 9 in Spellcasting
  5011 | D:5      | Noticed Grinder
  5035 | D:5      | Killed Grinder
  5036 | D:5      | Reached skill level 5 in Conjurations
  5081 | D:5      | Noticed Eustachio
  5088 | D:5      | Noticed Pikel
  5090 | D:5      | Killed Eustachio
  5119 | D:5      | Killed Pikel
  5120 | D:5      | Reached skill level 10 in Spellcasting
  5231 | D:5      | Reached XP level 9. HP: 47/48 MP: 24/25
  5391 | D:5      | Found a radiant altar of Vehumet.
  5391 | D:5      | Found a stormy altar of Qazlal.
  5426 | D:5      | Killed Edmund
  5592 | D:5      | Reached skill level 11 in Spellcasting
  5680 | D:5      | Found a shadowy altar of Dithmenos.
  6036 | D:6      | Found a snail-covered altar of Cheibriados.
  6455 | D:5      | Became a worshipper of Vehumet
  6855 | D:7      | Found a flagged portal.
  6874 | Bailey   | Entered a bailey
  7066 | Bailey   | Reached skill level 5 in Summonings
  7159 | Bailey   | Reached * piety under Vehumet
  7159 | Bailey   | Offered knowledge of Kiss of Death by Vehumet.
  7160 | Bailey   | Reached skill level 12 in Spellcasting
  7283 | Bailey   | Identified the +1 kite shield of the Dungeon {rCorr Int+5}
  7776 | D:7      | Noticed a cyclops
  7870 | D:7      | Killed a cyclops
  7871 | D:7      | Reached XP level 10. HP: 35/56 MP: 25/28
  8245 | D:7      | Identified the +6 dagger "Dushexko" {elec, rN+}
  8397 | D:5      | Reached skill level 13 in Spellcasting
  8403 | D:5      | Killed a two-headed ogre
  8558 | D:8      | Reached ** piety under Vehumet
  8558 | D:8      | Offered knowledge of Scorch by Vehumet.
  8567 | D:8      | Found a staircase to the Lair.
  8674 | D:8      | Mangled by a shadow

Illustrated notes

Levels and vault maps discovered:
D:1:      lightli_arrival_chessboard, layout_loops_cross
D:2:      layout_basic, serial_shops, nicolae_shop_bloodbath_and_beyond,
          basic_altar, dilly_ecumenical_altar_fadedgnrine, uniq_sigmund
D:3:      layout_basic, tgw_sif, chequers_serial_rivers_large_a, chequers_jeans,
          pf_guarded_unrand_delatra, uniq_crazy_yiuf_cottage, uniq_jessica,
          uniq_ijyb
D:4:      nicolae_cairo_tiling_large_dashed, layout_loops_cross,
          mainiacjoe_overflow_cross_hatched
D:5:      layout_gridville, kennysheep_mini, nicolae_overflow_hidden_temple,
          minmay_temple_entry_junction_2, minmay_hollow_rounded_squares,
          uniq_pikel, uniq_grinder, uniq_edmund, uniq_eustachio
D:6:      layout_basic, mainiacjoe_overflow_brackets
D:7:      layout_rooms, enter_bailey_3
D:8:      kennysheep_steamy, layout_loops_corners,
          nemelex_xobeh_ov_fountains_minmay, tgw_kikubaaqudgha,
          erik_lair_orcish_takeover
Temple:   nicolae_temple_slightly_damp_pantheon

Skill      XL: |  1  2  3  4  5  6  7  8  9 10 |
---------------+-------------------------------+-----
Spellcasting   | 5 6 7 8 10 12 13 | 13.5
Fighting       | 1 2 3 4 |  4.3
Armour         | 1 3 |  3.2
Conjurations   | 2 3 4 5 7 |  7.7
Dodging        | 3 |  3.0
Stealth        | 3 |  3.0
Poison Magic   | 1 |  1.0
Air Magic      | 1 2 |  2.0
Evocations     | 2 |  2.0
Summonings     | 2 3 5 6 |  6.5
Translocations | |  1.1

Action                     |  1- 3 |  4- 6 |  7- 9 | 10-12 || total
---------------------------+-------+-------+-------+-------++-------
  Melee: Dagger            |    43 |    21 |    30 |    31 ||   125
         Punch             |       |       |     6 |     1 ||     7
         Mace              |       |       |   128 |    29 ||   157
   Fire: Sling             |       |       |    87 |       ||    87
   Cast: Magic Dart        |    69 |   118 |   220 |    40 ||   447
         Mephitic Cloud    |     1 |     8 |    37 |    12 ||    58
         Call Imp          |     1 |     5 |     6 |     5 ||    17
         Blink             |       |     1 |     2 |     2 ||     5
   Stab: Sleeping          |     1 |       |       |       ||     1
         Confused          |       |     3 |    11 |     3 ||    17
         Distracted        |       |       |     2 |     2 ||     4
 Armour: Robe              |    10 |     6 |     3 |       ||    19
         Leather armour    |       |       |    59 |    16 ||    75
  Dodge: Dodged            |    36 |    17 |   188 |    43 ||   284

Table legend: (Time is in decaauts)
 A = Elapsed time spent in this place.
 B = Non-inter-level travel time spent in this place.
 C = Inter-level travel time spent in this place.
 D = Time resting spent in this place.
 E = Time spent auto-exploring this place.
 F = Levels seen in this place.
 G = Mean time per level.
                   A        B        C        D        E       F      G
               +--------+--------+--------+--------+--------+-----+--------+
         Total |   8809 |   8489 |    320 |    213 |   6328 |  10 |  880.9 |
       Dungeon |   7834 |   7532 |    302 |     80 |   5856 |   8 |  979.2 |
        Temple |    187 |    169 |     18 |      0 |    156 |   1 |  187.0 |
        Bailey |    787 |    787 |      0 |    133 |    315 |   1 |  787.0 |
               +--------+--------+--------+--------+--------+-----+--------+

Top non-repeatable levels by time:
     D:5: 1589 daAuts
     D:3: 1223 daAuts
     D:1: 1204 daAuts
     D:6: 1067 daAuts
     D:4: 931 daAuts
     D:2: 858 daAuts
     D:7: 794 daAuts
  Bailey: 787 daAuts
  Temple: 187 daAuts
     D:8: 164 daAuts
